Map: Goldenaura LE

Players

Kholmov - Winner!

  • Race: Zerg Zerg
  • League: Diamond
  • Spawn Location: 12:00

SubN

  • Race: Zerg Zerg
  • League: Diamond
  • Spawn Location: 5:00

VOD

Have the link to the VOD?

Description

Time

  • Played on: Nov. 22, 2023, 3:24 p.m.
  • Length: 8:47
Show
View Real Time Build Order
Export as new Build Order

Kholmov Zerg - Winner!

Build Orders: Hatch First 

Get SALT Encoding   

  12  0:00  Drone  
  13  0:08  Drone  
  14  0:15  Drone, Extractor  
  15  0:37  Hatchery  
  14  0:44  Drone, Extractor  
  14  0:49  Overlord  
  15  1:08  Drone, Spawning Pool  
  15  1:11  Drone  
  16  1:15  Drone  
  17  1:25  Drone  
  18  1:30  Drone  
  19  1:41  Overlord  
  19  1:54  Queen x2  
  19  1:57  Zergling x4  
  25  2:05  Spine Crawler  
  24  2:16  Spine Crawler  
  24  2:19  Drone x3  
  24  2:21  Drone  
  27  2:26  Drone  
  27  2:27  Drone  
  29  2:36  Queen  
  31  2:45  Drone x3  
  34  2:52  Overlord  
  34  2:57  Extractor  
  33  2:59  Drone  
  33  3:00  Drone  
  35  3:10  Drone  
  35  3:12  Drone  
  37  3:35  Drone x2  
  37  3:36  Drone x3, Roach Warren  
  41  3:47  Evolution Chamber  
  40  3:48  Evolution Chamber  
  39  3:56  Extractor  
  39  4:00  Drone x5  
  39  4:02  Lair  
  43  4:08  Extractor  
  42  4:12  Drone x2  
  42  4:13  Overlord x2, Spine Crawler  
  42  4:14  Overlord x2  
  43  4:41  Drone x6  
  43  4:42  Drone x2  
  51  4:47  Extractor  
  50  4:54  Drone x3  
  53  5:01  Glial Reconstitution  
  53  5:04  Zerg Missile Weapons Level 1  
  53  5:05  Roach x2  
  53  5:06  Roach x2  
  61  5:23  Roach  
  61  5:24  Roach x4  
  71  5:28  Hatchery  
  71  5:29  Overlord  
  71  5:33  Pneumatized Carapace  
  70  5:46  Roach x3  
  70  5:49  Overlord  
  76  5:50  Overlord  
  76  5:55  Spore Crawler  
  75  6:09  Roach x6  
  75  6:10  Roach x2  
  91  6:32  Roach  
  93  6:33  Roach x3  
  93  6:34  Overlord  
  93  6:35  Overlord  
  97  6:53  Roach x4  
  97  6:54  Roach x4  
  109  7:03  Roach x3  
  107  7:13  Roach x2  
  107  7:14  Roach x5  
  113  7:22  Drone x2  
  109  7:41  Roach x6  
  117  7:44  Overlord x3  
  117  7:45  Overlord  
  117  7:48  Overseer  
  115  7:55  Drone x5  
  102  8:13  Roach x5  
  102  8:14  Roach x3  
Show
View Real Time Build Order
Export as new Build Order

SubN Zerg 

Build Orders: Hatch First 

Get SALT Encoding   

  12  0:00  Drone  
  13  0:12  Overlord  
  13  0:17  Drone  
  14  0:31  Drone x2  
  16  0:50  Hatchery  
  15  0:57  Drone  
  15  0:58  Drone  
  15  1:01  Drone  
  18  1:05  Extractor  
  17  1:23  Spawning Pool  
  16  1:34  Drone x3  
  19  1:44  Drone  
  20  1:56  Overlord  
  20  2:10  Queen  
  20  2:11  Queen  
  24  2:25  Drone x5  
  29  2:32  Drone  
  30  2:37  Overlord  
  30  2:42  Drone  
  31  2:52  Queen  
  31  2:55  Zergling x4  
  31  2:57  Roach Warren  
  34  3:00  Spine Crawler  
  33  3:10  Spine Crawler  
  32  3:26  Evolution Chamber  
  31  3:27  Drone x9  
  31  3:28  Drone  
  41  3:53  Drone x2  
  43  3:57  Drone  
  43  4:02  Hatchery  
  43  4:04  Zerg Missile Weapons Level 1  
  43  4:08  Drone  
  44  4:10  Overlord x3  
  44  4:11  Overlord  
  44  4:17  Extractor  
  44  4:19  Extractor  
  44  4:22  Drone x2  
  44  4:28  Drone  
  45  4:36  Lair  
  46  4:38  Drone x3  
  46  4:41  Drone  
  49  4:53  Overlord  
  49  4:54  Overlord x3  
  49  4:59  Drone x3  
  52  5:11  Drone x7  
  52  5:14  Queen  
  61  5:24  Metabolic Boost  
  61  5:33  Glial Reconstitution  
  61  5:37  Drone x2  
  61  5:38  Drone x4  
  67  5:43  Drone x4  
  67  5:46  Extractor  
  70  5:58  Zerg Missile Weapons Level 2  
  70  6:08  Overlord x4  
  70  6:18  Roach x3  
  72  6:19  Roach x7  
  90  6:27  Roach x3  
  90  6:28  Roach x3  
  90  6:32  Overseer  
  102  6:34  Overlord  
  102  6:37  Roach x4  
  108  6:51  Roach x6  
  120  6:57  Roach x2  
  120  6:58  Roach x3  
  110  7:12  Roach x4  
  98  7:24  Roach x7  
  110  7:31  Roach x3  
  110  7:32  Roach  
  116  7:39  Roach x2  
  116  7:40  Roach  
  104  7:47  Zergling x2  
  104  7:48  Zergling x2, Roach x4  
  104  7:49  Roach  
  98  8:00  Roach x6  
  98  8:11  Roach x3  
  91  8:15  Roach x3  
  86  8:21  Roach x3  
  86  8:24  Zergling x8  
  86  8:25  Zergling x2  
Tags
 
Add a new tag
Caveats
  • Supply blocks, unpowered buildings, or Contaminate may cause inaccurate times.
  • Supply counts are checked every 10 seconds.